 Dungeon Crawl Stone Soup version 0.28.0-45-g0d030f2227 (webtiles) character file.

Game seed: 7850202428599141153

73 Ablot the Cutter (level 4, -2/45 HPs)
             Began as a Gnoll Chaos Knight on Apr 12, 2022.
             Was a Plaything of Xom.
             Slain by an orange demon (4 damage)
             ... summoned by Xom
             ... on level 2 of the Dungeon.
             The game lasted 00:02:08 (1626 turns).

Ablot the Cutter (Gnoll Chaos Knight)               Turns: 1626, Time: 00:02:08

Health: -2/45      AC:  5    Str: 13 (14) XL:     4   Next: 27%
Magic:  5/5        EV: 12    Int: 11      God:    Xom [......]
Gold:   49         SH:  0    Dex: 11      Spells: 5/5 levels left

rFire   . . .      SeeInvis .   a - +0 short sword (chaos)
rCold   . . .      Faith    .   (no shield)
rNeg    . . .      Spirit   .   b - +2 leather armour
rPois   .          Reflect  .   (no helmet)
rElec   +          Harm     .   (no cloak)
rCorr   .          Rampage  .   (no gloves)
Will    .....                   (no boots)
Stlth   +.........              (no amulet)
HPRegen 0.15/turn               (no ring)
MPRegen 0.09/turn               (no ring)

@: lethally poisoned (-2 -> -5), weakened
A: fangs 1, strong nose, distributed training, talons 1, deterioration 1, low MP
1, robust 1, electricity resistance
a: Renounce Religion


You were on level 2 of the Dungeon.
You worshipped Xom.
You were a very special plaything of Xom.
You visited 1 branch of the dungeon, and saw 2 of its levels.

You collected 49 gold pieces.

Inventory:

Hand Weapons
 a - a +0 short sword of chaos (weapon)
Missiles
 c - 51 arrows
 d - 25 sling bullets
 e - 38 stones (quivered)
 f - 5 boomerangs of dispersal
Armour
 b - a +2 leather armour (worn)
 l - a +0 buckler
Scrolls
 g - a scroll of vulnerability {unknown}
 i - a scroll of amnesia {unknown}
 k - 3 scrolls of identify {unknown}
Potions
 j - a potion of curing {unknown}


   Skills:
 + Level 6.6 Fighting
 + Level 6.6 Short Blades
 + Level 1.1 Long Blades
 + Level 1.1 Axes
 + Level 1.1 Maces & Flails
 + Level 1.1 Polearms
 + Level 1.1 Staves
 + Level 1.1 Slings
 + Level 1.1 Bows
 + Level 1.1 Crossbows
 + Level 1.1 Throwing
 + Level 4.6 Armour
 + Level 2.7 Dodging
 + Level 1.1 Stealth
 + Level 1.1 Shields
 + Level 1.1 Unarmed Combat
 + Level 1.1 Spellcasting
 + Level 0.8 Conjurations
 + Level 0.8 Hexes
 + Level 0.8 Summonings
 + Level 0.8 Necromancy
 + Level 0.8 Translocations
 + Level 0.8 Transmutations
 + Level 0.8 Fire Magic
 + Level 0.8 Ice Magic
 + Level 0.8 Air Magic
 + Level 0.8 Earth Magic
 + Level 0.8 Poison Magic
 + Level 1.2 Invocations
 + Level 1.1 Evocations


You had 5 spell levels left.
You didn't know any spells.
Your spell library was empty.

Dungeon Overview and Level Annotations

Branches:
Dungeon (2/15)

Altars:


Innate Abilities, Weirdness & Mutations

You have very sharp teeth.
Your uncanny sense of smell can sniff out nearby items.
Your experience applies equally to all skills.
You have sharp toenails.
Your body sometimes deteriorates upon taking damage.
Your magical capacity is low. (-10% MP)
You are robust. (+10% HP)
You are resistant to electric shocks. (rElec)


Message History

You hit the orange demon but do no damage.
You claw the orange demon.
The orange demon is heavily wounded.
You feel very sick.
The orange demon stings you but does no damage.
The orange demon hits you but does no damage.
You barely miss the orange demon.
You claw the orange demon, but do no damage.
The orange demon is heavily wounded.
You feel very sick.
You closely miss the orange demon. Your kick misses the orange demon.
The orange demon is heavily wounded.
You feel sick. The orange demon misses you.
The orange demon hits you but does no damage.
You hit the orange demon.
The orange demon convulses.
The orange demon is severely wounded.
You feel sick. The orange demon stings you!
* * * LOW HITPOINT WARNING * * *
Your body deteriorates!
You feel weakened. The orange demon barely misses you.
You hit the orange demon.
The orange demon convulses.
You claw the orange demon. You punch the orange demon.
Your bite misses the orange demon.
The orange demon is almost dead.
You feel sick.
You closely miss the orange demon.
You claw the orange demon, but do no damage.
The orange demon is almost dead.
You feel sick. The orange demon misses you.
The orange demon splashes around in the water.
You barely miss the orange demon.
The orange demon is almost dead.
You feel sick. The orange demon stings you.
* * * LOW HITPOINT WARNING * * *
The orange demon hits you but does no damage.
You hit the orange demon.
The orange demon convulses.
The orange demon is almost dead.
* * * LOW HITPOINT WARNING * * *
You feel sick. The orange demon barely misses you. The orange demon hits you.
You die...

......#).##.###
#.#.###
#.............####.###
# .........##.#.##...#
# #........##.# #)###
♣ ..♣...P..##.# ##.##
♣≈≈.≈≈≈(P...#.#...##
...≈≈≈≈)≈P..#......#
≈≈≈≈≈≈≈÷.≈♣.#.......#
.≈.≈≈≈≈@≈≈..##.....##
..≈≈.≈≈≈4≈..###...##
)≈≈.≈≈.≈(...# ##.##
.......#♣...# #.#
.....## .#.# .# #####
##.# .# .#


You could see an orange demon (summoned, poisoned).

Vanquished Creatures
  A gnoll (D:2)
  An adder (D:2)
  2 dart slugs (D:1)
  6 bats
  4 endoplasms
  2 giant cockroaches
  3 goblins
  5 hobgoblins
  2 jackals (D:1)
  5 kobolds
  3 ball pythons
  11 frilled lizards
  7 rats
52 creatures vanquished.

Vanquished Creatures (others)
  10 plants
10 creatures vanquished.

Grand Total: 62 creatures vanquished

Notes
Turn   | Place    | Note
-------+----------+-------------------------------------------
     0 | D:1      | Ablot the Gnoll Chaos Knight began the quest for the Orb.
     0 | D:1      | Reached XP level 1. HP: 23/23 MP: 1/1
     8 | D:1      | XOM: silly message
   149 | D:1      | You fall into a shaft and drop 1 floor!
   151 | D:2      | Reached XP level 2. HP: 29/29 MP: 2/2
   628 | D:1      | XOM: 6-stop teleportation journey
   708 | D:1      | XOM: give mutations
   708 | D:1      | Gained mutation: Your spells are a little easier to cast,
                  | but a little less powerful. [Xom's mischief]
   708 | D:1      | Gained mutation: Your body sometimes deteriorates upon
                  | taking damage. [Xom's mischief]
   708 | D:1      | Gained mutation: Armour fits poorly on your strangely
                  | shaped body. [Xom's mischief]
   708 | D:1      | Lost mutation: Your body sometimes deteriorates upon taking
                  | damage. [Xom's mischief]
   786 | D:1      | Reached XP level 3. HP: 35/35 MP: 3/3
   871 | D:1      | XOM: cast spell 'Olgreb's Toxic Radiance'
   953 | D:1      | XOM: 1-stop teleportation journey
  1030 | D:1      | Reached skill level 1 in Invocations
  1113 | D:1      | XOM: god gift: 24 arrows
  1230 | D:2      | XOM: confuse monster(s)
  1232 | D:2      | Reached skill level 1 in Long Blades
  1232 | D:2      | Reached skill level 1 in Axes
  1232 | D:2      | Reached skill level 1 in Maces & Flails
  1232 | D:2      | Reached skill level 1 in Polearms
  1232 | D:2      | Reached skill level 1 in Staves
  1232 | D:2      | Reached skill level 1 in Slings
  1232 | D:2      | Reached skill level 1 in Bows
  1232 | D:2      | Reached skill level 1 in Crossbows
  1232 | D:2      | Reached skill level 1 in Throwing
  1232 | D:2      | Reached skill level 1 in Stealth
  1232 | D:2      | Reached skill level 1 in Shields
  1232 | D:2      | Reached skill level 1 in Unarmed Combat
  1232 | D:2      | Reached skill level 1 in Spellcasting
  1232 | D:2      | Reached skill level 1 in Evocations
  1331 | D:2      | XOM: give mutations
  1331 | D:2      | Gained mutation: You are robust. (+10% HP) [Xom's grace]
  1331 | D:2      | Gained mutation: You have sharp toenails. [Xom's grace]
  1331 | D:2      | Gained mutation: You are resistant to electric shocks.
                  | (rElec) [Xom's grace]
  1353 | D:2      | Reached XP level 4. HP: 36/45 MP: 5/5
  1599 | D:2      | XOM: give mutations
  1599 | D:2      | Gained mutation: Your magical capacity is low. (-10% MP)
                  | [Xom's mischief]
  1599 | D:2      | Lost mutation: Your spells are a little easier to cast, but
                  | a little less powerful. [Xom's mischief]
  1599 | D:2      | Lost mutation: Armour fits poorly on your strangely shaped
                  | body. [Xom's mischief]
  1599 | D:2      | Gained mutation: Your body sometimes deteriorates upon
                  | taking damage. [Xom's mischief]
  1612 | D:2      | XOM: summons 1 hostile demon
  1613 | D:2      | Noticed an orange demon
  1626 | D:2      | HP: 2/45 [poisoned by an orange demon]
  1626 | D:2      | Slain by an orange demon

Illustrated notes

Levels and vault maps discovered:
D:1:      amcnicky_arrival_flooded_fountain, layout_rooms, minmay_lizard_king
D:2:      kennysheep_the_goblin_king, layout_loops_ring, serial_forest,
          infiniplex_forest_end_3, infiniplex_forest_zigzag_1,
          infiniplex_forest_lined_1, infiniplex_forest_lined_3_way,
          infiniplex_forest_lined_corner, infiniplex_forest_lined_2,
          infiniplex_forest_end_2, kennysheep_decorative_pillar,
          serial_bayou_pond_b, uniq_crazy_yiuf_cottage

Skill      XL: |  1  2  3 |
---------------+----------+-----
Invocations    | 1 |  1.2
Long Blades    | 1 |  1.1
Axes           | 1 |  1.1
Maces & Flails | 1 |  1.1
Polearms       | 1 |  1.1
Staves         | 1 |  1.1
Slings         | 1 |  1.1
Bows           | 1 |  1.1
Crossbows      | 1 |  1.1
Throwing       | 1 |  1.1
Stealth        | 1 |  1.1
Shields        | 1 |  1.1
Unarmed Combat | 1 |  1.1
Spellcasting   | 1 |  1.1
Evocations     | 1 |  1.1
Fighting       | |  6.6
Short Blades   | |  6.6
Armour         | |  4.6
Dodging        | |  2.7
Conjurations   | |  0.8
Hexes          | |  0.8
Summonings     | |  0.8
Necromancy     | |  0.8
Translocations | |  0.8
Transmutations | |  0.8
Fire Magic     | |  0.8
Ice Magic      | |  0.8
Air Magic      | |  0.8
Earth Magic    | |  0.8
Poison Magic   | |  0.8

Action                   |  1- 3 |  4- 6 || total
-------------------------+-------+-------++-------
Melee: Short sword       |   136 |    30 ||   166
       Bite              |    12 |     3 ||    15
       Kick              |     3 |    13 ||    16
       Punch             |     2 |     1 ||     3
Throw: Javelin           |       |     3 ||     3
       Stone             |       |     1 ||     1
Armor: Leather armour    |    54 |    26 ||    80
Dodge: Dodged            |    61 |    30 ||    91
